 Dungeon Crawl Stone Soup version 0.25-a0-842-g81a31cfd23 (webtiles) character file.

Game seed: 17103654735755201312, levelgen mode: deterministic

121 Error4North the Skirmisher (level 5, -4/47 HPs)
             Began as a Hill Orc Fighter on Apr 24, 2020.
             Slain by Sigmund
             ... wielding a +1 scythe of venom
              (9 damage)
             ... on level 2 of the Dungeon.
             The game lasted 00:05:06 (1513 turns).

Error4North the Skirmisher (Hill Orc Fighter)       Turns: 1513, Time: 00:05:07

Health: -4/47      AC:  9    Str: 17 (20) XL:     5   Next: 5%
Magic:  5/5        EV:  5    Int:  7 (8)  God:
Gold:   99         SH:  0    Dex: 10 (12) Spells: 4/4 levels left

rFire    + + .     SeeInvis .   a - +0 war axe
rCold    + . .     Gourm    .   c - +0 kite shield
rNeg     . . .     Faith    .   r - +0 chain mail
rPois    +         Spirit   .   (no helmet)
rElec    +         Reflect  .   (no cloak)
rCorr    +         Harm     .   (no gloves)
MR       .....                  (no boots)
Stlth    ..........             (no amulet)
HPRegen  0.15/turn              l - +2 ring of dexterity
MPRegen  0.09/turn              p - ring of protection from fire

@: confused, mighty, lethally poisoned (-4 -> -39), resistant, very slightly
contaminated, invisible
A: no striking features
a: no special abilities


You were on level 2 of the Dungeon.
You were not hungry.

You visited 1 branch of the dungeon, and saw 2 of its levels.

You collected 99 gold pieces.

Inventory:

Hand Weapons
 a - a +0 war axe (weapon)
Armour
 c - a +0 kite shield (worn)
 r - a +0 chain mail (worn)
Jewellery
 l - a +2 ring of dexterity (left hand)
 p - a ring of protection from fire (right hand)
Scrolls
 g - a scroll of teleportation {unknown}
 h - 2 scrolls of amnesia
 k - 3 scrolls of remove curse
 q - a scroll of blinking {unknown}
Potions
 d - a potion of might
 e - 2 potions of degeneration
 i - a potion of ambrosia
 m - a potion of heal wounds {unknown}
 n - a potion of curing {unknown}
Comestibles
 f - 3 rations


   Skills:
 * Level 4.5 Fighting
 + Level 3.9 Axes
 * Level 4.1 Armour
 + Level 0.4 Dodging
 * Level 4.1 Shields


You had 4 spell levels left.
You didn't know any spells.
Your spell library was empty.

Dungeon Overview and Level Annotations

Branches:
Dungeon (2/15)

Altars:

Annotations:
D:2 Sigmund


Message History

You are more poisoned.
It was a potion of resistance.
You feel protected.
* * * LOW HITPOINT WARNING * * *
You feel very sick.
Sigmund hits you with a +1 scythe of venom.
* * * LOW HITPOINT WARNING * * *
You are more poisoned.
It was a potion of invisibility.
You fade into invisibility!
You feel less confused.
* * * LOW HITPOINT WARNING * * *
You feel very sick.
You are very lightly contaminated with residual magic.
It was a potion of ambrosia.
You are confused.
You feel invigorated.
* * * LOW HITPOINT WARNING * * *
You feel very sick.
Sigmund hits you with a +1 scythe of venom!
You die...

#.....# #####.#
#.# #)# #.# #.#
#####.#######
######...........#
#...@@...........#
#?####.......)...#
#...........#
#^..........#
#....)......#
#...).......#
#####.......#
#########


You could see Sigmund.

Vanquished Creatures
  Natasha (D:2)
  Robin (D:2)
  2 adders (D:2)
  A shadow imp (D:2)
  2 oozes (D:1)
  2 dart slugs (D:1)
  3 leopard geckos
  2 giant cockroaches (D:2)
  5 hobgoblins
  2 kobolds
  A quokka (D:2)
  2 ball pythons
  A bat (D:2)
  4 frilled lizards
  11 goblins
  8 rats
48 creatures vanquished.

Notes
Turn   | Place    | Note
-------+----------+-------------------------------------------
     0 | D:1      | Error4North the Hill Orc Fighter began the quest for the
                  | Orb.
     0 | D:1      | Reached XP level 1. HP: 19/19 MP: 1/1
    21 | D:1      | Reached XP level 2. HP: 26/27 MP: 2/2
   235 | D:1      | Reached XP level 3. HP: 30/33 MP: 3/3
   556 | D:2      | Noticed Robin
   565 | D:2      | Killed Robin
   565 | D:2      | Reached XP level 4. HP: 34/40 MP: 4/4
  1020 | D:2      | Noticed Natasha
  1029 | D:2      | Killed Natasha
  1029 | D:2      | Reached XP level 5. HP: 13/47 MP: 5/5
  1502 | D:2      | Noticed Sigmund
  1513 | D:2      | Slain by Sigmund

Levels and vault maps discovered:
D:1:      onia_arrival_handbag, layout_rooms
D:2:      layout_basic, minmay_randomly_rotated_circles, uniq_robin,
          uniq_sigmund, uniq_natasha

Skill      XL: |  1  2  3  4 |
---------------+-------------+-----
Fighting       | 4 |  4.5
Axes           | 3 |  3.9
Armour         | 4 |  4.1
Shields        | 4 |  4.1
Dodging        | |  0.4

Action                   |  1- 3 |  4- 6 || total
-------------------------+-------+-------++-------
Melee: War axe           |    76 |    61 ||   137
  Use: Scroll            |       |     2 ||     2
       Potion            |       |     5 ||     5
  Eat: Chunk             |       |     2 ||     2
Armor: Scale mail        |    30 |    15 ||    45
       Chain mail        |       |    23 ||    23
Dodge: Dodged            |    20 |    22 ||    42
Block: Kite shield       |    34 |    41 ||    75

Table legend:
 A = Non-vault XP
 B = Vault XP
 C = Vault XP percentage of total XP
 D = Non-vault monster count
 E = Vault monster count
 F = Vault count percentage of total count
                 A         B        C        D         E       F
            +---------+---------+-------+---------+---------+-------
      Total |      79 |      94 |  54.3 |      29 |      19 |  39.6
            +---------+---------+-------+---------+---------+-------
        D:1 |      35 |      10 |  22.2 |      16 |       4 |  20.0
        D:2 |      44 |      84 |  65.6 |      13 |      15 |  53.6
            +---------+---------+-------+---------+---------+-------
